 Dungeon Crawl Stone Soup version 0.19.1-1-g22dce08 (webtiles) character file.

260 zhar the Grave Robber (level 5, -6/35 HPs)
             Began as a Vampire Necromancer on Jan 17, 2017.
             Mangled by galech's ghost (11 damage)
             ... on level 4 of the Dungeon.
             The game lasted 00:27:52 (6411 turns).

zhar the Grave Robber (Vampire Necromancer)         Turns: 6411, Time: 00:27:54

Health: -6/35      AC:  3    Str:  7    XL:     5   Next: 95%
Magic:  19/19      EV: 13    Int: 18    God:
Gold:   222        SH:  0    Dex: 15    Spells: 3 memorised, 2 levels left

rFire  . . .     SeeInvis +     p - +0 dagger (elec)
rCold  . . .     Gourm    .     m - +0 robe
rNeg   + . .     Faith    .     (no shield)
rPois  .         Spirit   .     (no helmet)
rElec  .         Reflect  .     u - +0 cloak
rCorr  .         Harm     .     (no gloves)
MR     .....                    (no boots)
Stlth  +++.......               (no amulet)
                                J - ring of magical power
                                k - ring of see invisible

@: about to teleport
A: fangs 3, see invisible, unbreathing
a: Bat Form


You were on level 4 of the Dungeon.
You were not thirsty.

You visited 1 branch of the dungeon, and saw 4 of its levels.

You collected 222 gold pieces.

Inventory:

Hand Weapons
 a - a +0 rapier
 p - a +0 dagger of electrocution (weapon)
 y - a +0 club
 C - a +0 dagger
Missiles
 d - 58 poisoned needles
 g - 15 bolts
 n - 46 arrows
 q - 8 steel javelins (quivered)
 t - 27 stones
 v - 4 curare-tipped needles
 E - 2 tomahawks
Armour
 m - a +0 robe (worn)
 u - a +0 cloak (worn)
Jewellery
 k - a ring of see invisible (left hand)
 J - a ring of magical power (right hand)
Scrolls
 e - a scroll of fog {unknown}
 f - 2 scrolls of identify
 j - 4 scrolls of teleportation
 o - a scroll of enchant weapon {unknown}
 r - a scroll of enchant armour {unknown}
 s - 3 scrolls of remove curse
 A - a scroll of random uselessness {unknown}
 B - a scroll of noise {unknown}
 F - a scroll of amnesia {unknown}
Potions
 c - 4 potions of blood
 h - 3 potions of curing {unknown}
 i - 2 potions of agility {unknown}
 l - a potion of might {unknown}
 w - 2 potions of lignification {unknown}
 x - 2 potions of mutation {unknown}
 z - a potion of ambrosia {unknown}
 G - a potion of degeneration {unknown}
Books
 b - a book of Necromancy

   Spells                             Type                      Level
   a - Pain                           Necromancy                   1
   b - Animate Skeleton               Necromancy                   1
   c - Vampiric Draining              Necromancy                   3
   d - Regeneration                   Charms/Necromancy            3
   e - Animate Dead                   Necromancy                   4
   f - Control Undead                 Necromancy                   4


   Skills:
 + Level 0.1 Fighting
 + Level 1.8 Short Blades
 + Level 2.9 Dodging
 + Level 3.9 Stealth
 + Level 3.4 Spellcasting
 + Level 6.1 Necromancy


You had 2 spell levels left.
You knew the following spells:

 Your Spells              Type           Power        Failure   Level  Hunger
a - Pain                  Necr           ####         1%          1    None
b - Vampiric Draining     Necr           ####......   3%          3    ###....
c - Control Undead        Necr           ####......   14%         4    ####...


Dungeon Overview and Level Annotations

Branches:
Dungeon (4/15)
 Temple: D:4-7

Altars:
Cheibriados
Trog

Annotations:
D:4 galech's ghost, amateur GrFi


Innate Abilities, Weirdness & Mutations

You have razor-sharp teeth.
You have supernaturally acute eyesight. (SInv)
You can survive without breathing.


Message History

Aiming: Vampiric Draining
Press: ? - help, Shift-Dir - straight line, f - galech's ghost
Aim: galech's ghost You can't drain life from that!
Casting: Vampiric Draining
Confirm with . or Enter, or press ? or * to list all spells.
Aiming: Vampiric Draining
Press: ? - help, Shift-Dir - straight line, f/p - galech's ghost
Aim: galech's ghost You can't drain life from that!
You barely miss galech's ghost. Your bite misses galech's ghost.
Galech's ghost barely misses you.
You hit galech's ghost but do no damage.
Galech's ghost hits you.
As you read the scroll of teleportation, it crumbles to dust.
You feel strangely unstable. Galech's ghost hits you!
* * * LOW HITPOINT WARNING * * *
You hit galech's ghost but do no damage.
Galech's ghost hits you!
You die...

#.####
#......#...## #.#
#......##..## #.#
#......##..## #.#
#......###.## #.#
#......# #..#
#.###### #......#
#..# #.#....#
######## #...
#.#.##.#######....
#.#.
#.#.##.@W....<....
#...
#.#...########....
#### #.......# W
#####.#.# #.#.#
#.#.# #.#.# #.#.#
#.#.#


You could see galech's ghost.

Vanquished Creatures
  A scorpion (D:4)
  An orc wizard (D:4)
  A hound (D:4)
  8 adders
  An adder skeleton (D:4)
  2 worms
  A dart slug (D:2)
  3 leopard geckos
  10 orcs
  A giant cockroach (D:2)
  5 goblins
  6 hobgoblins
  A quokka (D:2)
  4 bats
  5 frilled lizards
  2 kobolds (D:1)
  8 rats
60 creatures vanquished.

Vanquished Creatures (collateral kills)
  A frilled lizard (D:4)
1 creature vanquished.

Grand Total: 61 creatures vanquished

Notes
Turn   | Place    | Note
-------+----------+-------------------------------------------
     0 | D:1      | zhar the Vampire Necromancer began the quest for the Orb.
     0 | D:1      | Reached XP level 1. HP: 13/13 MP: 3/3
   769 | D:1      | Reached XP level 2. HP: 19/19 MP: 1/5
  1245 | D:2      | Reached XP level 3. HP: 20/24 MP: 1/6
  1369 | D:2      | Learned a level 3 spell: Vampiric Draining
  1595 | D:2      | Reached skill level 5 in Necromancy
  2770 | D:2      | Reached XP level 4. HP: 30/30 MP: 1/8
  4808 | D:4      | Reached skill level 1 in Short Blades
  4808 | D:4      | Reached XP level 5. HP: 28/35 MP: 9/9
  5039 | D:4      | Found a snail-covered altar of Cheibriados.
  5083 | D:4      | Found a bloodstained altar of Trog.
  5287 | D:4      | Learned a level 4 spell: Control Undead
  5350 | D:4      | Reached skill level 6 in Necromancy
  6306 | D:4      | Noticed galech's ghost (amateur GrFi)
  6411 | D:4      | Mangled by galech's ghost

Skill      XL: |  1  2  3  4  5 |
---------------+----------------+-----
Necromancy     | 5 6 |  6.1
Spellcasting   | 3 |  3.4
Short Blades   | 1 |  1.8
Fighting       | |  0.1
Dodging        | |  2.9
Stealth        | |  3.9

Action                   |  1- 3 |  4- 6 || total
-------------------------+-------+-------++-------
Melee: Dagger            |     9 |    87 ||    96
       Bite              |     1 |     3 ||     4
 Cast: Pain              |    43 |    29 ||    72
       Vampiric Draining |     4 |    12 ||    16
       Control Undead    |       |     1 ||     1
  Use: Potion            |     2 |     8 ||    10
       Scroll            |       |     5 ||     5
 Stab: Distracted        |       |     1 ||     1
       Sleeping          |       |     1 ||     1
  Eat: Corpse            |     2 |     3 ||     5
Armor: Robe              |     3 |     1 ||     4
       Skin              |       |     3 ||     3
Dodge: Dodged            |    17 |    57 ||    74
